 Dungeon Crawl Stone Soup version 0.31-a0-190-g4feb4907b2 (webtiles) character file.

Game seed: 14665423093176481655

520 qw the Skirmisher (level 7, -4/41 HPs)
             Began as a Deep Elf Hunter on June 23, 2023.
             Slain by Edmund
             ... wielding a +0 flail of protection
              (9 damage)
             ... on level 4 of the Dungeon.
             The game lasted 00:01:27 (2933 turns).

qw the Skirmisher (Deep Elf Hunter)                 Turns: 2933, Time: 00:01:28

Health: -4/41      AC: 13    Str: 10    XL:     7   Next: 1%
Magic:  9/9        EV:  9    Int: 14    God:
Gold:   142        SH:  0    Dex: 18    Spells: 6/6 levels left

rFire   . . .        Y - +1 shortbow (chaos)
rCold   . . .        (shield currently unavailable)
rNeg    . . .        c - +3 scale mail {Will+}
rPois   .            j - +2 hat
rElec   .            o - +0 cloak
rCorr   .            f - +0 pair of gloves
SInv    .            (no boots)
Will    +....        h - amulet of the acrobat
Stlth   +            (no ring)
HPRegen 0.26/turn    (no ring)
MPRegen 0.11/turn

%: acrobat
@: about to teleport
A: no striking features
a: no special abilities


You were on level 4 of the Dungeon.
You visited 1 branch of the dungeon, and saw 4 of its levels.

You collected 142 gold pieces.


   Skills:
 - Level 3.0 Fighting
 + Level 9.7 Ranged Weapons
 - Level 1.1 Armour
 - Level 3.0 Dodging
 - Level 1.2 Stealth


You had 6 spell levels left.
You didn't know any spells.
Your spell library was empty.

Inventory:

Hand Weapons
 Y - a +1 shortbow of chaos (weapon)
Armour
 b - a +2 robe of resistance
 c - a +3 scale mail of willpower (worn)
 f - a +0 pair of gloves (worn)
 j - a +2 hat (worn)
 o - a +0 cloak (worn)
 q - a +1 leather armour of fire resistance
Jewellery
 h - an amulet of the acrobat (around neck)
Scrolls
 a - a scroll of identify
Potions
 d - 2 potions of curing
 i - a potion of haste {unknown}
 k - a potion of attraction {unknown}
 l - a potion of enlightenment {unknown}
 p - a potion of mutation {unknown}

Dungeon Overview and Level Annotations

Branches:
Dungeon (4/15)
 Temple: D:4-7

Altars:
Cheibriados
Trog
Wu Jian
Xom
The Shining One

Annotations:
D:4 Edmund


Message History

The arrow hits Edmund but does no damage.
Edmund is heavily wounded.
Edmund hits you but does no damage. x2
You shoot an arrow.
The arrow hits Edmund but does no damage.
Edmund is heavily wounded.
Edmund barely misses you.
Edmund hits you with a +0 flail of protection!
You shoot an arrow. The arrow closely misses Edmund.
Edmund hits you with a +0 flail of protection.
You shoot an arrow.
The arrow hits Edmund but does no damage.
Edmund is heavily wounded.
Edmund hits you with a +0 flail of protection.
Edmund hits you but does no damage.
You shoot an arrow. The arrow barely misses Edmund.
Edmund hits you with a +0 flail of protection!
Edmund barely misses you.
You shoot an arrow. The arrow barely misses Edmund.
Edmund closely misses you.
Edmund hits you with a +0 flail of protection.
You shoot an arrow. The arrow closely misses Edmund.
Edmund hits you with a +0 flail of protection!
Edmund barely misses you.
2930 ||| READING scroll of teleportation.
As you read the scroll of teleportation, it crumbles to dust.
You feel strangely unstable. Edmund closely misses you.
You shoot an arrow. The arrow barely misses Edmund.
Edmund asks, "Have you met my wondrous brother?"
Edmund hits you but does no damage.
Edmund hits you with a +0 flail of protection.
You shoot an arrow. The arrow barely misses Edmund.
Edmund hits you but does no damage.
Edmund says, "I'm quite good with sums, too."
Edmund hits you but does no damage.
You shoot an arrow. The arrow barely misses Edmund.
Edmund hits you with a +0 flail of protection.
Edmund hits you with a +0 flail of protection!
You die...

.. #####... .
.#.... # #. #...#
.# #.. _.. ##.
######### ..
#.._#_..#7#.#####.
#...#...#.#.).....
#.....@@#
###....## #7..####
#.####.###
#......# ######.##
#..# ##########.#
#
#.......##.###...#


You could see Edmund (fast).

Vanquished Creatures
  A steam dragon (D:3)
  An ogre (D:4)
  Jessica (D:2)
  2 orc wizards (D:2)
  Ijyb (D:2)
  Terence (D:2)
  3 gnolls (D:2)
  4 adders (D:2)
  An ufetubus (D:4)
  5 worms
  2 dart slugs (D:1)
  4 orcs
  13 ball pythons
  4 bats
  7 endoplasms
  3 giant cockroaches
  6 goblins
  5 hobgoblins
  3 quokkas
  3 frilled lizards
  4 kobolds
  5 rats (D:1)
79 creatures vanquished.

Notes
Turn   | Place    | Note
-------+----------+-------------------------------------------
     0 | D:1      | qw the Deep Elf Hunter began the quest for the Orb.
     0 | D:1      | Reached XP level 1. HP: 12/12 MP: 3/3
     0 | D:1      | 0 ||| qw: Version: 0.3-a-9-g12657ce
     0 | D:1      | 0 ||| qw: Game counter: 4497
     0 | D:1      | 0 ||| qw: Always use a shield: true
     0 | D:1      | 0 ||| qw: God list: Okawaru
     0 | D:1      | 0 ||| qw: Allow faded altars: false
     0 | D:1      | 0 ||| qw: Do Orc after D:15 true
     0 | D:1      | 0 ||| qw: Do second Lair branch before Depths: true
     0 | D:1      | 0 ||| qw: Lair rune preference: random
     0 | D:1      | 0 ||| qw: Plans: Normal
     0 | D:1      | 0 ||| PLANNING D:1-11
   208 | D:1      | Reached skill level 6 in Ranged Weapons
   208 | D:1      | Reached XP level 2. HP: 16/16 MP: 4/4
   450 | D:1      | Reached XP level 3. HP: 20/20 MP: 5/5
   631 | D:1      | 631 ||| UPGRADING to +0 pair of gloves.
   636 | D:1      | 636 ||| UPGRADING to amulet of the acrobat.
   641 | D:1      | 641 ||| READING scroll labelled BINTOA BUGH.
   642 | D:1      | 642 ||| READING scroll labelled JUESINIMYO.
   646 | D:1      | 646 ||| DROPPING scroll of butterflies.
   704 | D:2      | Reached skill level 7 in Ranged Weapons
   864 | D:2      | Noticed Jessica
   873 | D:2      | Killed Jessica
   874 | D:2      | Reached XP level 4. HP: 25/25 MP: 6/6
  1024 | D:2      | Reached skill level 8 in Ranged Weapons
  1190 | D:2      | Reached XP level 5. HP: 21/29 MP: 7/7
  1444 | D:2      | Noticed Terence
  1447 | D:2      | 1447 ||| FLEEEEING.
  1448 | D:2      | 1448 ||| FLEEEEING.
  1449 | D:2      | 1449 ||| FLEEEEING.
  1450 | D:2      | 1450 ||| FLEEEEING.
  1451 | D:2      | 1451 ||| FLEEEEING.
  1452 | D:2      | 1452 ||| FLEEEEING.
  1454 | D:2      | 1454 ||| FLEEEEING.
  1457 | D:2      | 1457 ||| FLEEEEING.
  1458 | D:2      | 1458 ||| FLEEEEING.
  1459 | D:2      | 1459 ||| FLEEEEING.
  1460 | D:2      | 1460 ||| FLEEEEING.
  1461 | D:2      | 1461 ||| FLEEEEING.
  1462 | D:2      | 1462 ||| FLEEEEING.
  1463 | D:2      | 1463 ||| FLEEEEING.
  1464 | D:2      | 1464 ||| FLEEEEING.
  1465 | D:2      | 1465 ||| FLEEEEING.
  1466 | D:2      | 1466 ||| FLEEEEING.
  1467 | D:2      | 1467 ||| FLEEEEING.
  1468 | D:2      | 1468 ||| FLEEEEING.
  1469 | D:2      | 1469 ||| FLEEEEING.
  1470 | D:2      | 1470 ||| FLEEEEING.
  1471 | D:2      | 1471 ||| FLEEEEING.
  1472 | D:2      | 1472 ||| FLEEEEING.
  1473 | D:2      | 1473 ||| FLEEEEING.
  1474 | D:2      | 1474 ||| FLEEEEING.
  1475 | D:2      | 1475 ||| FLEEEEING.
  1476 | D:2      | 1476 ||| FLEEEEING.
  1477 | D:2      | 1477 ||| FLEEEEING.
  1478 | D:2      | 1478 ||| FLEEEEING.
  1483 | D:2      | 1483 ||| STAIRDANCE
  1505 | D:1      | 1505 ||| UPGRADING to +0 ring mail.
  1515 | D:1      | 1515 ||| UPGRADING to +2 robe of resistance.
  1525 | D:1      | 1525 ||| DROPPING +0 leather armour.
  1526 | D:1      | 1526 ||| READING scroll labelled GENWUNNIQY.
  1544 | D:2      | Killed Terence
  1545 | D:2      | Reached skill level 3 in Dodging
  1728 | D:2      | 1728 ||| DROPPING +0 ring mail.
  1729 | D:2      | 1729 ||| UPGRADING to +3 scale mail of willpower.
  1762 | D:3      | 1762 ||| STAIRDANCE
  1778 | D:2      | Reached skill level 9 in Ranged Weapons
  1899 | D:3      | Found a shimmering altar of Xom.
  1908 | D:3      | 1908 ||| FLEEEEING.
  1909 | D:3      | 1909 ||| FLEEEEING.
  1910 | D:3      | 1910 ||| FLEEEEING.
  2288 | D:3      | Noticed Ijyb
  2291 | D:3      | 2291 ||| FLEEEEING.
  2292 | D:3      | 2292 ||| FLEEEEING.
  2293 | D:3      | 2293 ||| FLEEEEING.
  2296 | D:3      | 2296 ||| FLEEEEING.
  2297 | D:3      | 2297 ||| FLEEEEING.
  2298 | D:3      | 2298 ||| FLEEEEING.
  2301 | D:3      | 2301 ||| FLEEEEING.
  2302 | D:3      | 2302 ||| FLEEEEING.
  2303 | D:3      | 2303 ||| FLEEEEING.
  2304 | D:3      | 2304 ||| FLEEEEING.
  2308 | D:3      | 2308 ||| FLEEEEING.
  2309 | D:3      | 2309 ||| FLEEEEING.
  2315 | D:3      | 2315 ||| FLEEEEING.
  2316 | D:3      | 2316 ||| FLEEEEING.
  2317 | D:3      | 2317 ||| STAIRDANCE
  2340 | D:2      | 2340 ||| UPGRADING to +2 hat.
  2345 | D:2      | 2345 ||| DROPPING +3 leather armour.
  2346 | D:2      | 2346 ||| UPGRADING to +0 cloak.
  2351 | D:2      | 2351 ||| READING 2 scrolls labelled NOGUR WEIDUNUIBINT.
  2352 | D:2      | 2352 ||| READING 3 scrolls labelled QEVVUX YRAMM.
  2453 | D:2      | 2453 ||| READING scroll labelled DOGOYT ZAYLOL.
  2454 | D:2      | 2454 ||| DRINKING 3 red potions.
  2455 | D:2      | 2455 ||| DROPPING 2 scrolls of silence.
  2459 | D:3      | 2459 ||| STAIRDANCE
  2513 | D:3      | 2513 ||| DRINKING 2 potions of curing.
  2513 | D:3      | 2513 ||| (to cure confusion)
  2514 | D:3      | 2514 ||| STAIRDANCE
  2520 | D:2      | Killed Ijyb
  2521 | D:2      | Reached skill level 1 in Armour
  2521 | D:2      | Reached XP level 6. HP: 29/34 MP: 8/8
  2812 | D:4      | Noticed a steam dragon
  2815 | D:4      | 2815 ||| Stepping ~*~*~tactically~*~*~ (cloud).
  2821 | D:4      | 2821 ||| STAIRDANCE
  2824 | D:3      | Killed a steam dragon
  2825 | D:3      | Reached skill level 3 in Fighting
  2894 | D:4      | Found an ornate altar of the Wu Jian Council.
  2905 | D:4      | Found a snail-covered altar of Cheibriados.
  2905 | D:4      | Found a bloodstained altar of Trog.
  2906 | D:4      | Found a glowing golden altar of the Shining One.
  2915 | D:4      | Noticed Edmund
  2919 | D:4      | Reached XP level 7. HP: 41/41 MP: 9/9
  2929 | D:4      | HP: 9/41 [Edmund/+0 flail of protection (10)]
  2930 | D:4      | 2930 ||| READING scroll of teleportation.
  2933 | D:4      | Slain by Edmund

Levels and vault maps discovered:
D:1:      reono_arrival_mine, layout_loops_cross, nicolae_the_louvre
D:2:      layout_basic, grunt_ministairs_14, kennysheep_generic_room_15,
          uniq_terence, uniq_jessica
D:3:      layout_rooms, mainiacjoe_overflow_concentric_impassable,
          grunt_ministairs_2, minmay_liquid_box, kennysheep_cluttered_room,
          uniq_ijyb
D:4:      layout_basic, nicolae_overflow_crystal_walls,
          nicolae_overflow_quartered_altars, uniq_edmund

Skill      XL: |  1  2  3  4  5  6 |
---------------+-------------------+-----
Ranged Weapons | 6 7 8 9 |  9.7
Dodging        | 3 |  3.0
Armour         | 1 |  1.1
Fighting       | 3 |  3.0
Stealth        | |  1.2

Action                     |  1- 3 |  4- 6 |  7- 9 || total
---------------------------+-------+-------+-------++-------
   Fire: Shortbow          |   111 |   149 |    14 ||   274
    Use: Scroll            |     2 |     4 |     1 ||     7
         Potion            |       |     2 |       ||     2
 Armour: Leather armour    |     9 |     1 |       ||    10
         Scale mail        |       |    43 |     9 ||    52
  Dodge: Dodged            |    27 |    52 |     6 ||    85

Table legend:
 A = Non-vault XP
 B = Vault XP
 C = Vault XP percentage of total XP
 D = Non-vault monster count
 E = Vault monster count
 F = Vault count percentage of total count
                 A         B        C        D         E       F
            +---------+---------+-------+---------+---------+-------
      Total |     605 |     138 |  18.6 |      71 |       9 |  11.2
            +---------+---------+-------+---------+---------+-------
        D:1 |      49 |       0 |   0.0 |      28 |       0 |   0.0
        D:2 |     200 |     131 |  39.6 |      28 |       7 |  20.0
        D:3 |     219 |       7 |   3.1 |      10 |       2 |  16.7
        D:4 |     137 |       0 |   0.0 |       5 |       0 |   0.0
            +---------+---------+-------+---------+---------+-------
